 Dungeon Crawl Stone Soup version 0.24.0-123-gd5b16e6ec5 (webtiles) character file.

Game seed: 6183646532908938522, levelgen mode: deterministic

30389 vurker the Zephyrmancer (level 13, -11/57 HPs)
             Began as a Felid Air Elementalist on Feb 3, 2020.
             Was a High Priest of Vehumet.
             Mangled by a catoblepas (29 damage)
             ... on level 13 of the Dungeon.
             The game lasted 01:09:27 (46659 turns).

vurker the Zephyrmancer (Felid Air Elementalist)   Turns: 46659, Time: 01:09:27

Health: -11/57     AC:  6    Str:  4    XL:     13   Next: 20%
Magic:  12/29      EV: 26    Int: 22    God:    Vehumet [*****.]
Gold:   1144       SH:  0    Dex: 16    Spells: 10/35 levels left
                                        Lives:  0   Deaths: 2

rFire    . . .     SeeInvis +   (weapon unavailable)
rCold    + . .     Gourm    .   (shield unavailable)
rNeg     . . .     Faith    .   (armour unavailable)
rPois    +         Spirit   .   (helmet unavailable)
rElec    .         Reflect  .   (cloak unavailable)
rCorr    .         Harm     .   (gloves unavailable)
MR       +....                  (boots unavailable)
Stlth    +++++.....             k - amulet of regeneration
HPRegen  0.59/turn              n - +3 ring of protection
MPRegen  0.21/turn              u - ring of poison resistance

@: very slightly contaminated, quick
A: very small, no armour, no weapons or thrown items, stealth, claws 1, fangs 3,
see invisible, carnivore, speed 1, shaggy fur 3, slow metabolism 1, sharp paws
a: Renounce Religion


You were on level 13 of the Dungeon.
You worshipped Vehumet.
Vehumet was extremely pleased with you.
You were very full.

You visited 4 branches of the dungeon, and saw 22 of its levels.

You collected 2473 gold pieces.
You spent 1329 gold pieces at shops.

Inventory:

Jewellery
 k - an amulet of regeneration (around neck)
   (You found it on level 6 of the Dungeon)
 n - a +3 ring of protection (left paw)
   (You found it on level 3 of the Dungeon)
 o - an uncursed ring of wizardry
   (You found it on level 6 of the Dungeon)
 p - an uncursed ring of flight
   (You found it on level 6 of the Dungeon)
 u - a ring of poison resistance (right paw)
   (You found it on level 11 of the Dungeon)
 G - an uncursed ring of protection from magic
   (You took it off an orc priest on level 12 of the Dungeon)
Wands
 b - a wand of enslavement (19)
   (You found it on level 6 of the Dungeon)
 d - a wand of iceblast (8)
   (You took it off Maurice on level 8 of the Dungeon)
 t - a wand of flame (31)
   (You found it on level 5 of the Dungeon)
 v - a wand of digging (6)
   (You found it on level 5 of the Lair of Beasts)
 w - a wand of polymorph (35)
   (You took it off Psyche on level 8 of the Dungeon)
 x - a wand of acid (15)
   (You found it on level 8 of the Dungeon)
Scrolls
 a - 2 scrolls of fear
 c - 2 scrolls of identify
 g - 13 scrolls of teleportation
 h - 2 scrolls of fog
 m - 6 scrolls of magic mapping
 y - 4 scrolls of remove curse
 A - 4 scrolls of blinking
 C - 2 scrolls of summoning
 D - 2 scrolls of immolation
Potions
 f - a potion of magic
 i - 4 potions of flight
 j - 6 potions of curing
 l - a potion of lignification
 q - 3 potions of resistance
 r - a potion of invisibility
 s - 5 potions of haste
 B - a potion of heal wounds
 E - 2 potions of cancellation
 F - 2 potions of ambrosia
 H - 2 potions of brilliance
Comestibles
 e - 48 rations


   Skills:
 + Level 7.1 Fighting
 - Level 10.0 Dodging
 - Level 10.0 Stealth
 * Level 11.8 Spellcasting
 * Level 11.6 Conjurations
 * Level 12.0 Air Magic
 + Level 0.2 Poison Magic
 + Level 9.3 Evocations


You had 10 spell levels left.
You knew the following spells:

 Your Spells              Type           Power        Failure   Level  Hunger
a - Orb of Destruction    Conj           ######....   10%         7    #######
b - Lightning Bolt        Conj/Air       ######....   1%          5    ####...
c - Airstrike             Air            ######....   1%          4    None
x - Olgreb's Toxic Radia  Pois           ##......     12%         4    None
z - Irradiate             Conj/Tmut      #####.....   3%          5    ####...

Your spell library contained the following spells:

 Spells                   Type           Power        Failure   Level  Hunger
 Sandblast                Erth           ##....       1%          1    None
 Shock                    Conj/Air       ####         1%          1    None
 Sting                    Conj/Pois      ####         1%          1    None
 Poisonous Vapours        Pois/Air       #####.       1%          2    None
 Swiftness                Chrm/Air       #####...     1%          2    None
 Mephitic Cloud           Conj/Pois/Air  #####...     1%          3    None
 Static Discharge         Conj/Air       ######..     1%          3    None
 Stone Arrow              Conj/Erth      #####.       1%          3    None
 Venom Bolt               Conj/Pois      #####.....   3%          5    ####...
 Animate Skeleton         Necr           N/A          4%          1    None
 Apportation              Tloc           ##....       4%          1    None
 Confusing Touch          Hex            ##....       4%          1    None
 Corona                   Hex            ##.....      4%          1    None
 Pain                     Necr           ##..         4%          1    None
 Summon Butterflies       Summ           ##......     4%          1    None
 Summon Small Mammal      Summ           ##..         4%          1    None
 Inner Flame              Hex/Fire       ##......     4%          3    None
 Summon Lightning Spire   Summ/Air       #####...     4%          4    None
 Call Imp                 Summ           ##......     8%          2    None
 Passwall                 Tmut/Erth      ##......     8%          2    None
 Slow                     Hex            ##......     8%          2    None
 Call Canine Familiar     Summ           ##......     16%         3    None
 Lesser Beckoning         Tloc           ##........   16%         3    None
 Regeneration             Chrm/Necr      ##........   16%         3    None
 Summon Guardian Golem    Hex/Summ       ##......     16%         3    None
 Tukima's Dance           Hex            ##......     16%         3    None
 Vampiric Draining        Necr           ##........   16%         3    None
 Lee's Rapid Deconstruct  Erth           ##........   32%         5    ####...
 Animate Dead             Necr           N/A          45%         4    None
 Cause Fear               Hex            ##........   45%         4    None
 Leda's Liquefaction      Hex/Erth       ##........   45%         4    None
 Petrify                  Tmut/Erth      ##......     45%         4    None
 Summon Ice Beast         Ice/Summ       ##......     45%         4    None
 Alistair's Intoxication  Tmut/Pois      ##......     80%         5    ####...
 Invisibility             Hex            ##......     100%        6    #####..
 Portal Projectile        Hex/Tloc       Unusable     N/A         3    N/A

Dungeon Overview and Level Annotations

Branches:
Dungeon (13/15)            Temple (1/1) D:5            Lair (6/6) D:9
  Swamp (0/4) Lair:2       Spider (0/4) Lair:3        Slime (0/5) Lair:5
    Orc (2/2) D:9             Elf (0/3) Orc:2
 Vaults: D:13-14

Altars:
Ashenzari
Cheibriados
Dithmenos
Elyvilon
Fedhas
Gozag
Hepliaklqana
Kikubaaqudgha
Makhleb
Nemelex Xobeh
Okawaru
Ru
Sif Muna
Trog
Uskayaw
Vehumet
Wu Jian
Xom
Yredelemnul
Zin
The Shining One
Beogh

Shops:
D:10 [}   D:11 ?   Orc:2 :([*=[

Annotations:
Lair:4 2 transporters, Xyudeake's ghost, journeyman DEFE
Lair:5 3 runed translucent doors, Riymurr's ghost, journeyman MfMo


Innate Abilities, Weirdness & Mutations

You cannot wear armour.
You are incapable of wielding weapons or throwing items.
Your paws allow you to move quietly. (Stealth)
You have sharp claws.
You have razor-sharp teeth.
You have supernaturally acute eyesight. (SInv)
You are carnivorous and can eat meat at any time.
You cover ground quickly.
Your thick and shaggy fur keeps you warm. (AC +3, rC+)
You have a slow metabolism.
Your sharp claws are effective at attacking unaware monsters.


Message History

As you close the door, it creaks loudly!
You start resting.
You carefully extract the barbed spikes from your body.
You start resting.
This spell is quite dangerous to cast!
Memorise Orb of Destruction, consuming 7 spell levels and leaving 10?
Vehumet grants you knowledge of Orb of Destruction.
You start memorising the spell.
You continue memorising. x7
You finish memorising.
Spell assigned to 'a'.
You open the door.
The catoblepas is too close now for your liking.
There is an open door here.
Aim: a catoblepas (hasn't noticed you)
The air twists around and strikes the catoblepas but does no damage.
The catoblepas bellows!
Aim: a catoblepas The air twists around and strikes the catoblepas.
The catoblepas breathes a plume of calcifying dust at you.
The blast of calcifying dust hits you but does no damage.
Aim: a catoblepas The air twists around and strikes the catoblepas!
The catoblepas breathes a plume of calcifying dust at you.
The blast of calcifying dust hits you. The catoblepas gores you!!
Ouch! That really hurt!
* * * LOW HITPOINT WARNING * * *
Okay, then.
Okay, then.
Aim: a catoblepas (lightly wounded)
The bolt of acid hits the catoblepas!!
The catoblepas is splashed with acid!
Blink to where?
You are very lightly contaminated with residual magic.
As you read the scroll of blinking, it crumbles to dust.
Aim: a catoblepas (moderately wounded)
The air twists around and strikes the catoblepas.
The catoblepas breathes a plume of calcifying dust at you.
The blast of calcifying dust hits you.
* * * LOW HITPOINT WARNING * * *
Aim: a catoblepas (heavily wounded)
The air twists around and strikes the catoblepas but does no damage.
The catoblepas breathes a plume of calcifying dust at you.
The blast of calcifying dust hits you!
* * * LOW HITPOINT WARNING * * *
Aim: a catoblepas (heavily wounded)
The bolt of acid hits the catoblepas!
The catoblepas is splashed with acid!
Aim: a catoblepas (severely wounded)
The bolt of acid hits the catoblepas!
The catoblepas is splashed with acid.
The acid corrodes the catoblepas!
The catoblepas gores you!!
Ouch! That really hurt!
You die...

##'######
.O#####.......#
)Y.†..'.......#
####...>...#
#.......#
#.......#
#...§§..#
#..Y§...#
#..@§§..#
#####§### #§#
#.### #...#
####.## #.....#
########.....#
.........)...#


You could see a catoblepas.

Vanquished Creatures
  Saint Roka (Orc:2)
  7 hydras
  3 two-headed ogres
  2 orc high priests (Orc:2)
  4 orc knights (Orc:2)
  5 ugly things
  4 orc sorcerers
  3 oklob plants (Lair:2)
  2 manticores
  A cyclops (D:12)
  12 elephants
  Maurice (D:8)
  2 black mambas
  Psyche (D:8)
  28 spiny frogs
  A torpor snail (Lair:2)
  A rime drake (Lair:5)
  A gargoyle (D:10)
  3 komodo dragons
  A queen bee (Lair:1)
  A polar bear (Lair:5)
  7 trolls
  4 tyrant leeches (Lair:6)
  24 blink frogs
  A slime creature (D:13)
  11 hippogriffs
  19 yaks
  A wraith (D:10)
  2 wyverns
  3 basilisks
  4 hungry ghosts
  A steam dragon (D:9)
  10 vampire mosquitoes
  3 wargs
  A soldier ant (D:11)
  Edmund (D:6)
  7 porcupines
  12 water moccasins
  3 black bears
  5 sky beasts
  An eye of draining (D:12)
  9 ogres
  3 ice beasts
  2 necrophages (D:12)
  2 phantoms
  29 orc warriors
  8 wolves
  10 centaurs
  11 crocodiles
  A big kobold (D:8)
  28 bullfrogs
  2 gnoll sergeants
  2 wyvern zombies (D:10)
  A wyvern skeleton (D:7)
  5 scorpions
  25 killer bees
  2 howler monkeys
  An electric eel (Lair:6)
  5 crimson imps
  3 hounds
  A bullfrog zombie (D:6)
  A quasit (D:6)
  6 jellies
  17 orc priests
  27 orc wizards
  A bullfrog skeleton (D:12)
  4 centaur skeletons
  10 worker ants
  3 iguanas
  6 hell rats
  A hound skeleton (D:6)
  A howler monkey zombie (D:10)
  Robin (D:4)
  2 worker ant zombies
  18 adders
  8 gnolls
  2 shadow imps
  7 oozes
  An adder zombie (D:5)
  2 adder skeletons
  6 worms
  7 dart slugs
  2 leopard geckos
  109 orcs
  6 giant cockroaches
  12 hobgoblins
  14 jackals
  7 quokkas
  A ball python (D:1)
  10 bats
  6 frilled lizards
  11 goblins
  A jackal skeleton (D:5)
  16 kobolds
  2 quokka skeletons (D:6)
  8 rats
  A fungus (Lair:1)
691 creatures vanquished.

Vanquished Creatures (others)
  A hippogriff (Lair:5)
  A yak (Lair:5)
  An ogre (D:6)
  15 fungi
  45 plants
63 creatures vanquished.

Grand Total: 754 creatures vanquished

Notes
Turn   | Place    | Note
-------+----------+-------------------------------------------
     0 | D:1      | vurker the Felid Air Elementalist began the quest for the
                  | Orb.
     0 | D:1      | Reached XP level 1. HP: 7/7 MP: 4/4
    47 | D:1      | Reached skill level 1 in Conjurations
   429 | D:1      | Reached XP level 2. HP: 11/11 MP: 1/6
   807 | D:1      | Reached skill level 3 in Air Magic
  1238 | D:1      | Reached XP level 3. HP: 15/15 MP: 5/7
  1935 | D:2      | You fall into a shaft and drop 2 floors!
  2096 | D:4      | Reached skill level 1 in Fighting
  2096 | D:4      | Reached XP level 4. HP: 19/19 MP: 2/9
  2162 | D:4      | Noticed Robin
  2805 | D:2      | Found an opulent altar of Gozag.
  2910 | D:2      | Reached XP level 5. HP: 22/22 MP: 4/10
  3767 | D:3      | Learned a level 5 spell: Lightning Bolt
  3772 | D:3      | Learned a level 4 spell: Airstrike
  4390 | D:4      | Gained mutation: You are covered in thick fur. (AC +2)
                  | [Felid growth]
  4390 | D:4      | Reached XP level 6. HP: 26/26 MP: 1/12
  4839 | D:4      | Killed Robin
  5005 | D:5      | Entered Level 5 of the Dungeon
  5040 | D:4      | Reached skill level 4 in Air Magic
  5509 | D:5      | Reached XP level 7. HP: 30/30 MP: 7/13
  5537 | D:5      | Found a staircase to the Ecumenical Temple.
  5546 | Temple   | Entered the Ecumenical Temple
  5675 | Temple   | Became a worshipper of Vehumet
  7040 | D:6      | Noticed Edmund
  7194 | D:6      | Killed Edmund
  7278 | D:6      | Reached skill level 1 in Evocations
  7541 | D:6      | Reached XP level 8. HP: 35/35 MP: 9/15
  7575 | D:6      | Reached * piety under Vehumet
  7575 | D:6      | Offered knowledge of Sandblast by Vehumet.
  7743 | D:6      | Found a burning altar of Makhleb.
  7806 | D:6      | Reached skill level 5 in Air Magic
  8693 | D:6      | Reached skill level 5 in Stealth
  8693 | D:6      | Reached skill level 5 in Spellcasting
  8897 | D:6      | Noticed a two-headed ogre
  8922 | D:6      | Killed a two-headed ogre
  8922 | D:6      | Reached skill level 5 in Fighting
  8922 | D:6      | Reached skill level 5 in Dodging
  8922 | D:6      | Reached skill level 5 in Conjurations
  8922 | D:6      | Reached XP level 9. HP: 40/40 MP: 11/18
  9070 | D:6      | Reached skill level 6 in Air Magic
  9411 | D:7      | Offered knowledge of Sting by Vehumet.
  9458 | D:7      | Reached ** piety under Vehumet
 10993 | D:8      | Reached XP level 10. HP: 44/44 MP: 11/20
 11117 | D:8      | Noticed Maurice
 11162 | D:8      | Killed Maurice
 11232 | D:8      | Offered knowledge of Inner Flame by Vehumet.
 11311 | D:8      | Noticed Psyche
 11323 | D:8      | Killed Psyche
 11323 | D:8      | Reached skill level 7 in Air Magic
 11545 | D:8      | Reached *** piety under Vehumet
 12004 | D:9      | Found a staircase to the Lair.
 12220 | D:9      | Found a staircase to the Orcish Mines.
 12890 | D:10     | Entered Level 10 of the Dungeon
 13058 | D:10     | Noticed a gargoyle
 13060 | D:10     | Killed a gargoyle
 13098 | D:10     | Noticed a two-headed ogre
 13103 | D:10     | Killed a two-headed ogre
 13230 | D:10     | Offered knowledge of Fulminant Prism by Vehumet.
 13230 | D:10     | Reached skill level 5 in Evocations
 13362 | D:10     | Found Oxiablahee's Gadget Boutique.
 13489 | D:10     | Found Vati's Armour Shop.
 13489 | D:10     | Noticed a green ugly thing
 14000 | D:10     | Reached XP level 11. HP: 47/47 MP: 12/23
 14169 | D:10     | Killed a green ugly thing
 14484 | D:10     | Reached **** piety under Vehumet
 14955 | D:11     | Reached skill level 8 in Air Magic
 15278 | D:11     | Offered knowledge of Irradiate by Vehumet.
 15328 | D:11     | Learned a level 5 spell: Irradiate
 16168 | D:11     | Noticed a purple ugly thing
 16310 | D:11     | Found Iqaxemam's Magic Scroll Emporium.
 16314 | D:11     | Bought a scroll of blinking for 135 gold pieces
 16314 | D:11     | Bought a scroll of teleportation for 54 gold pieces
 16314 | D:11     | Bought a scroll of summoning for 171 gold pieces
 16314 | D:11     | Bought a scroll of fog for 36 gold pieces
 16314 | D:11     | Bought a scroll of immolation for 63 gold pieces
 16314 | D:11     | Bought a scroll of immolation for 63 gold pieces
 16364 | D:11     | Killed a purple ugly thing
 16710 | Lair:1   | Entered Level 1 of the Lair of Beasts
 16964 | Lair:1   | Noticed an eight-headed hydra
 17011 | Lair:1   | Killed an eight-headed hydra
 18160 | Lair:2   | Found a staircase to the Swamp.
 18222 | Lair:2   | Noticed a four-headed hydra
 18244 | Lair:2   | Noticed a seven-headed hydra
 18263 | Lair:1   | Killed a four-headed hydra
 18376 | Lair:2   | Noticed a five-headed hydra
 18547 | Lair:1   | Reached skill level 9 in Air Magic
 18629 | Lair:2   | Gained mutation: Your thick and shaggy fur keeps you warm.
                  | (AC +3, rC+) [Felid growth]
 18629 | Lair:2   | Reached XP level 12. HP: 51/51 MP: 16/25
 18853 | Lair:2   | Killed a five-headed hydra
 19267 | Lair:2   | Killed a seven-headed hydra
 21787 | Lair:2   | Found the +7 pair of quick blades "Gyre" and "Gimble"
                  | {protect}
 22251 | Lair:2   | You fall into a shaft and drop 2 floors!
 22461 | Lair:4   | Found a transporter.
 22465 | Lair:4   | Found a transporter.
 22466 | Lair:4   | Noticed Xyudeake's ghost (journeyman DEFE)
 23027 | Lair:2   | Reached skill level 10 in Stealth
 23197 | Lair:2   | Found a staircase to the Swamp.
 23698 | Lair:3   | Noticed an eight-headed hydra
 24281 | Lair:3   | Killed an eight-headed hydra
 24678 | Lair:3   | Found a hole to the Spider Nest.
 25641 | Lair:4   | Reached skill level 10 in Air Magic
 26932 | Lair:4   | Reached XP level 13. HP: 43/54 MP: 1/27
 27869 | Lair:4   | Found a transporter.
 28004 | Lair:4   | Found a transporter.
 28171 | Lair:4   | Reached skill level 10 in Spellcasting
 28181 | Lair:4   | Reached ***** piety under Vehumet
 28643 | Lair:5   | Reached skill level 10 in Dodging
 28842 | Lair:5   | Offered knowledge of Bolt of Magma by Vehumet.
 28961 | Lair:5   | Found a runed translucent gate.
 28961 | Lair:5   | Found a runed translucent gate.
 28961 | Lair:5   | Found a runed translucent gate.
 29520 | Lair:5   | Found a staircase to the Slime Pits.
 29685 | Lair:5   | Reached skill level 10 in Conjurations
 29978 | Lair:5   | Noticed Riymurr's ghost (journeyman MfMo)
 30540 | Lair:6   | Entered Level 6 of the Lair of Beasts
 32663 | Lair:6   | Reached skill level 11 in Air Magic
 34555 | Lair:6   | Reached XP level 14. HP: 60/60 MP: 5/30
 36616 | D:12     | Offered knowledge of Venom Bolt by Vehumet.
 37316 | D:12     | Hit by a large rock thrown by a cyclops
 37317 | D:12     | Reached XP level 13. HP: -12/56 MP: 2/29
 39015 | Orc:1    | Entered Level 1 of the Orcish Mines
 40237 | Orc:2    | Entered Level 2 of the Orcish Mines
 40596 | Orc:2    | Killed from afar by an orc sorcerer
 40597 | Orc:2    | Reached XP level 12. HP: -3/53 MP: 8/28
 41409 | Orc:2    | Found a roughly hewn altar of Beogh.
 41426 | Orc:2    | Found a staircase to the Elven Halls.
 41594 | Orc:2    | Found Vagi's Assorted Antiques.
 41958 | Orc:2    | Found a roughly hewn altar of Beogh.
 41960 | Orc:2    | Found Itauxzukk's Armour Boutique.
 41985 | Orc:2    | Found Emureil's Jewellery Shop.
 42009 | Orc:2    | Offered knowledge of Bolt of Fire by Vehumet.
 43170 | Orc:2    | Noticed an orc high priest
 43189 | Orc:2    | Killed an orc high priest
 43196 | Orc:2    | Found a roughly hewn altar of Beogh.
 43196 | Orc:2    | Found Neprigg's Book Boutique.
 43800 | Orc:2    | Noticed an orc high priest
 43958 | Orc:2    | Killed an orc high priest
 44701 | Orc:2    | Noticed Saint Roka
 45227 | Orc:2    | Reached XP level 13. HP: 30/57 MP: 7/29
 45231 | Orc:2    | Killed Saint Roka
 45329 | Orc:2    | Found Juakharova's Antique Weapon Shoppe.
 45330 | Orc:2    | Found a roughly hewn altar of Beogh.
 45332 | Orc:2    | Found Sifar's Antique Armour Emporium.
 45554 | Orc:2    | Found a roughly hewn altar of Beogh.
 45558 | Orc:2    | Found a staircase to the Elven Halls.
 45582 | Orc:2    | Found Vagi's Assorted Antiques.
 45592 | Orc:2    | Found Emureil's Jewellery Shop.
 45739 | Orc:2    | Found a roughly hewn altar of Beogh.
 45739 | Orc:2    | Found Itauxzukk's Armour Boutique.
 45918 | Orc:2    | Found a roughly hewn altar of Beogh.
 45918 | Orc:2    | Found Neprigg's Book Boutique.
 45971 | Orc:2    | Bought a translucent pewter ring for 105 gold pieces
 45971 | Orc:2    | Bought a scroll of blinking for 157 gold pieces
 45971 | Orc:2    | Bought a potion of heal wounds for 105 gold pieces
 45971 | Orc:2    | Identified the ring "Foloheh" {Wiz rPois rF- Str+4} (You
                  | bought it in a shop on level 2 of the Orcish Mines)
 46022 | Orc:2    | Bought a Young Poisoner's Handbook for 440 gold pieces
 46027 | Orc:2    | Learned a level 4 spell: Olgreb's Toxic Radiance
 46368 | D:13     | Reached skill level 12 in Air Magic
 46541 | D:13     | Offered knowledge of Orb of Destruction by Vehumet.
 46640 | D:13     | Learned a level 7 spell: Orb of Destruction
 46659 | D:13     | Mangled by a catoblepas

Levels and vault maps discovered:
D:1:      grunt_arrival_crossed_arrows, layout_loops_ring,
          chequers_serial_rivers_room_b
D:2:      layout_loops_cross, grunt_gozag_breadcrumbs
D:3:      layout_basic, first_ration
D:4:      layout_loops_ring, uniq_robin
D:5:      layout_loops_ring, minmay_temple_entry_poolview
D:6:      kennysheep_windowed_halls, layout_rooms, bloody_makhleb, uniq_edmund
D:7:      layout_basic, grunt_ogre_cave
D:8:      layout_loops_ring, uniq_maurice, uniq_psyche
D:9:      layout_cave_pools, lair_entry_dummy, orc_0_dummy
D:10:     minmay_goldmine, layout_gridville, serial_shops,
          nicolae_shop_temple_entry_statues_fountains, shop_fountains
D:11:     layout_gridville, serial_shops, shop
D:12:     layout_cave_pods
D:13:     layout_roguey, basic_altar
Temple:   regret_index_temple_sigil_plot
Lair:1:   layout_roguey [special_room_bee], enter_volcano_2
Lair:2:   layout_chaotic_city, swamp_mist_pool, hangedman_lair_generics_rect,
          minmay_lair_oklob_chamber, lemuel_fruit_fields
Lair:3:   layout_loops_ring, nicolae_spider_entry_non_spiders,
          grunt_megastairs_3
Lair:4:   layout_regular_city, gammafunk_ghost_hive, beast_lair_carwin_10,
          lemuel_fruit_tree
Lair:5:   layout_small_grid, nicolae_slime_entry_slimehenge,
          gammafunk_ghost_icy, hibernation_bobbens, grunt_megastairs_5
Lair:6:   minmay_lair_end_frog_pond, layout_hall_layers, serial_bayou_shore_b
Orc:1:    layout_caves
Orc:2:    grunt_orc_community_town_hall, layout_diamond_mine,
          grunt_orc_community_big_house_1, grunt_orc_community_big_house_1,
          grunt_orc_community_house_2, grunt_orc_community_house_3,
          grunt_orc_community_house_2, grunt_orc_community_house_1,
          serial_shops, shop, special_room, minmay_shop_enchanted_jewellery,
          minmay_orc_barracks

Skill      XL: |  1  2  3  4  5  6  7  8  9 10 11 12 13 14 |
---------------+-------------------------------------------+-----
Conjurations   | 1 2 3 5 6 7 8 9 10 11 | 11.6
Air Magic      | 3 4 5 6 7 9 10 12 | 12.0
Fighting       | 1 2 3 5 7 |  7.1
Spellcasting   | 3 4 5 6 7 8 9 11 | 11.8
Dodging        | 3 4 5 6 7 8 9 10 | 10.0
Stealth        | 3 4 5 6 7 9 10 | 10.0
Evocations     | 1 2 3 5 6 7 9 |  9.3
Poison Magic   | |  0.2

Action                   |  1- 3 |  4- 6 |  7- 9 | 10-12 | 13-15 || total
-------------------------+-------+-------+-------+-------+-------++-------
Melee: Unarmed           |    12 |       |    10 |    81 |    27 ||   130
       Bite              |       |       |     1 |     8 |     3 ||    12
 Cast: Shock             |    87 |   171 |   338 |   275 |    27 ||   898
       Airstrike         |       |       |    20 |   629 |   508 ||  1157
       Lightning Bolt    |       |       |     2 |    19 |    17 ||    38
       Irradiate         |       |       |       |     9 |    10 ||    19
Evoke: Wand              |       |       |     1 |    52 |    36 ||    89
       Phantom mirror    |       |       |       |     1 |       ||     1
  Use: Scroll            |       |    17 |     2 |     8 |     6 ||    33
       Potion            |       |       |       |     1 |       ||     1
  Eat: Chunk             |    10 |     6 |    14 |    72 |    43 ||   145
       Ration            |       |       |       |     2 |       ||     2
Armor: Skin              |     2 |     2 |    16 |    26 |    18 ||    64
Dodge: Dodged            |    24 |    23 |   120 |   331 |   213 ||   711
